 Dungeon Crawl Stone Soup version 0.31-a0-246-g8cbcc1cb85 (webtiles) character file.

Game seed: 2695837523970019633

135 Vomitron the Sneak (level 4, -1/21 HPs)
             Began as a Spriggan Enchanter on July 12, 2023.
             Killed by divine providence
             ... invoked by an orc priest
              (13 damage)
             ... on level 3 of the Dungeon.
             The game lasted 00:04:42 (1995 turns).

Vomitron the Sneak (Spriggan Enchanter)             Turns: 1995, Time: 00:04:43

Health: -1/21      AC:  2    Str:  4    XL:     4   Next: 96%
Magic:  2/10       EV: 17    Int: 18    God:
Gold:   57         SH:  0    Dex: 15    Spells: 2/10 levels left

rFire   . . .        a - +1 dagger
rCold   . . .        (no shield)
rNeg    . . .        b - +0 robe
rPois   .            (helmet restricted)
rElec   .            (no cloak)
rCorr   .            (gloves unavailable)
SInv    +            (boots unavailable)
Will    .....        (no amulet)
Stlth   +++          (no ring)
HPRegen 0.23/turn    (no ring)
MPRegen 0.12/turn

%: no passive effects
@: very quick
A: very small, no large weapons, unfitting armour, see invisible, speed 3
a: no special abilities


You were on level 3 of the Dungeon.
You visited 1 branch of the dungeon, and saw 3 of its levels.

You collected 57 gold pieces.

Inventory:

Hand Weapons
 a - a +1 dagger (weapon)
Armour
 b - a +0 robe (worn)
Scrolls
 d - 2 scrolls of teleportation {unknown}
 e - 2 scrolls of blinking {unknown}
 f - 2 scrolls of identify {unknown}
 j - 2 scrolls of immolation {unknown}
 k - a scroll of acquirement {unknown}
 l - a scroll of revelation {unknown}
Potions
 c - 2 potions of invisibility
 g - a potion of mutation {unknown}
 h - a potion of curing {unknown}
 i - 3 potions of brilliance {unknown}


   Skills:
 + Level 2.4 Short Blades
 - Level 2.6 Dodging
 + Level 5.5 Stealth
 + Level 3.7 Spellcasting
 * Level 5.1 Hexes


You had 2 spell levels left.
You knew the following spells:

 Your Spells              Type           Power      Damage    Failure   Level
a - Ensorcelled Hibernat  Hex/Ice        24%        N/A       8%          2
b - Confusing Touch       Hex            22%        N/A       5%          3
c - Tukima's Dance        Hex            22%        N/A       5%          3

Your spell library contained the following spells:

 Spells                   Type           Power      Damage    Failure   Level
 Sting                    Tmut/Pois      12%        1d3       16%         1
 Poisonous Vapours        Pois/Air       6%         N/A       22%         2
 Dazzling Flash           Conj/Hex       24%        N/A       16%         3
 Portal Projectile        Hex/Tloc       24%        N/A       16%         3
 Iskenderun's Mystic Bla  Conj/Tloc      3%         2d3       83%         4
 Olgreb's Toxic Radiance  Pois           3%         N/A       83%         4


Dungeon Overview and Level Annotations

Branches:
Dungeon (3/15)

Altars:


Innate Abilities, Weirdness & Mutations

You are very small and have problems with some larger weapons.
You are too small for most types of armour.
You have supernaturally acute eyesight. (SInv)
You cover ground extremely quickly. (Speed+++)


Message History

You start resting.
An orc is nearby!
Casting: Ensorcelled Hibernation (safe; 8% risk of failure)
Confirm with . or Enter, or press ? or * to list all spells.
Aiming: Ensorcelled Hibernation (safe; 8% risk of failure)
Press: ? - help, Shift-Dir - straight line, f - orc
Aim: an orc, wielding a +0 short sword (chance to affect: 63%)
The orc resists with significant effort.
The orc hits you with a +0 short sword.
Unknown command.
You hit the orc.
The orc is heavily wounded.
The orc hits you with a +0 short sword.
You hit the orc.
You kill the orc!
Casting: Ensorcelled Hibernation (safe; 8% risk of failure)
Confirm with . or Enter, or press ? or * to list all spells.
Aiming: Ensorcelled Hibernation (safe; 8% risk of failure)
Press: ? - help, Shift-Dir - straight line, f - orc
Aim: an orc, wielding a +0 hand axe (chance to affect: 63%)
The orc resists with significant effort.
The orc hits you with a +0 hand axe.
Unknown command.
You closely miss the orc. You punch the orc.
The orc is moderately wounded.
Casting: Ensorcelled Hibernation (safe; 8% risk of failure)
Confirm with . or Enter, or press ? or * to list all spells.
Aiming: Ensorcelled Hibernation (safe; 8% risk of failure)
Press: ? - help, Shift-Dir - straight line, f - orc priest, p - orc
Aim: an orc priest, wielding a +0 club (chance to affect: 46%)
The orc resists with significant effort.
The orc misses you.
Unknown command.
Unknown command.
You barely miss the orc.
The orc is moderately wounded.
The orc priest mumbles some strange prayers to Beogh against you.
Beogh smites you!
Ouch! That really hurt!
You die...

#.######......#.#.
#.#............###
#.#.#####...#### #
#.#.# ##.## #
#.####.#.# #.# #
#........# #.#
######.### #.# #.#
#.# # #@# ..#
.####.##########o#
"......).o..o...o#
.....o############
.#### ### ... ##


You could see an orc priest and an orc.

Vanquished Creatures
  6 adders (D:2)
  3 gnolls (D:2)
  2 worms (D:2)
  3 orcs (D:3)
  3 ball pythons
  3 endoplasms (D:1)
  3 giant cockroaches
  4 goblins
  2 hobgoblins (D:1)
  3 quokkas (D:2)
  2 bats (D:2)
  2 frilled lizards
  6 kobolds
  3 rats (D:2)
45 creatures vanquished.

Notes
Turn   | Place    | Note
-------+----------+-------------------------------------------
     0 | D:1      | Vomitron the Spriggan Enchanter began the quest for the
                  | Orb.
     0 | D:1      | Reached XP level 1. HP: 9/9 MP: 5/5
   249 | D:1      | Reached XP level 2. HP: 13/13 MP: 6/6
   386 | D:1      | Learned a level 2 spell: Ensorcelled Hibernation
   923 | D:2      | Reached XP level 3. HP: 16/16 MP: 8/8
  1022 | D:2      | Reached skill level 5 in Stealth
  1176 | D:2      | Reached XP level 4. HP: 21/21 MP: 10/10
  1522 | D:2      | Reached skill level 5 in Hexes
  1806 | D:2      | Learned a level 3 spell: Confusing Touch
  1810 | D:2      | Learned a level 3 spell: Tukima's Dance
  1995 | D:3      | Killed from afar by an orc priest

Illustrated notes

Levels and vault maps discovered:
D:1:      lightli_arrival_statuegarden, layout_basic, hangedman_decor_opposing
D:2:      layout_basic, serial_corexii_hall, corexii_hall_statues_i,
          corexii_hall_statues_x, st_stairs_13, hangedman_decor_clover_reticule
D:3:      layout_loops_ring, fedhas_altar_2

Skill      XL: |  1  2  3  4 |
---------------+-------------+-----
Hexes          | 4 5 |  5.1
Spellcasting   | 3 |  3.7
Stealth        | 5 |  5.5
Short Blades   | 2 |  2.4
Dodging        | |  2.6

Action                     |  1- 3 |  4- 6 || total
---------------------------+-------+-------++-------
  Melee: Dagger            |    70 |    25 ||    95
         Punch             |       |     1 ||     1
   Cast: Ensorcelled Hiber |    15 |    16 ||    31
   Stab: Sleeping          |    21 |     8 ||    29
 Armour: Robe              |     7 |     1 ||     8
  Dodge: Dodged            |    46 |    13 ||    59

Table legend: (Time is in decaauts)
 A = Elapsed time spent in this place.
 B = Non-inter-level travel time spent in this place.
 C = Inter-level travel time spent in this place.
 D = Time resting spent in this place.
 E = Time spent auto-exploring this place.
 F = Levels seen in this place.
 G = Mean time per level.
                   A        B        C        D        E       F      G
               +--------+--------+--------+--------+--------+-----+--------+
         Total |   1447 |   1416 |     31 |     86 |    932 |   3 |  482.3 |
       Dungeon |   1447 |   1416 |     31 |     86 |    932 |   3 |  482.3 |
               +--------+--------+--------+--------+--------+-----+--------+

Top non-repeatable levels by time:
     D:2: 849 daAuts
     D:1: 491 daAuts
     D:3: 106 daAuts
